 Dungeon Crawl Stone Soup version 0.28-a0-851-g8b9cc49659 (webtiles) character file.

Game seed: 11240617247153985246

137 jasper the Stinger (level 5, -2/52 HPs)
             Began as a Demonspawn Venom Mage on Nov 14, 2021.
             Slain by a sky beast (6 damage)
             ... on level 4 of the Dungeon.
             The game lasted 00:07:11 (4633 turns).

jasper the Stinger (Demonspawn Venom Mage)          Turns: 4633, Time: 00:07:12

Health: -2/52      AC:  2    Str:  8    XL:     5   Next: 0%
Magic:  4/8        EV: 15    Int: 18    God:
Gold:   185        SH:  7    Dex: 13    Spells: 1/8 levels left

rFire   . . .      SeeInvis .   h - +0 short sword
rCold   + . .      Faith    .   c - +3 buckler
rNeg    . . .      Spirit   .   a - +0 robe
rPois   .          Reflect  .   (no helmet)
rElec   .          Harm     .   (no cloak)
rCorr   .          Rampage  .   (no gloves)
Will    .....                   (no boots)
Stlth   ..........              g - amulet of the acrobat
HPRegen 0.17/turn               e - ring of protection from cold
MPRegen 0.11/turn               l - +4 ring of slaying

@: berserking (expiring), very slightly contaminated, very quick
A: repulsion field 2, ignite blood 1
a: no special abilities


You were on level 4 of the Dungeon.
You visited 1 branch of the dungeon, and saw 4 of its levels.

You collected 185 gold pieces.

Inventory:

Hand Weapons
 h - a +0 short sword (weapon)
 j - a +0 hand crossbow
 s - a +0 lajatang
Missiles
 f - 105 stones
 n - 13 bolts
Armour
 a - a +0 robe (worn)
 c - a +3 buckler (worn)
Magical Staves
 b - a staff of cold
Jewellery
 e - a ring of protection from cold (left hand)
 g - an amulet of the acrobat (around neck)
 l - a +4 ring of slaying (right hand)
Potions
 i - a potion of degeneration {unknown}
 k - a potion of haste {unknown}
 m - 2 potions of flight {unknown}
 p - a potion of might {unknown}
 r - a potion of curing {unknown}
 t - a potion of brilliance {unknown}


   Skills:
 - Level 1.7 Dodging
 - Level 1.7 Stealth
 - Level 3.1 Shields
 - Level 2.0 Spellcasting
 - Level 0.8 Transmutations
 + Level 4.3 Poison Magic


You had one spell level left.
You knew the following spells:

 Your Spells              Type           Power      Damage    Failure   Level
a - Sting                 Tmut/Pois      44%        1d5       7%          1
b - Olgreb's Toxic Radia  Pois           17%        N/A       32%         4
c - Passwall              Tmut/Erth      2%         N/A       26%         2

Your spell library contained the following spells:

 Spells                   Type           Power      Damage    Failure   Level
 Poisonous Vapours        Pois/Air       18%        N/A       12%         2
 Mephitic Cloud           Conj/Pois/Air  7%         N/A       32%         3
 Swiftness                Air            1%         N/A       52%         3
 Fulminant Prism          Conj/Hex       0%         3d6       89%         4
 Iskenderun's Mystic Bla  Conj/Tloc      1%         2d3       89%         4
 Lee's Rapid Deconstruct  Erth           0%         3d5*      99%         5


Dungeon Overview and Level Annotations

Branches:
Dungeon (4/15)
 Temple: D:4-7

Altars:
Fedhas

Annotations:
D:3 2 transporters, bande's ghost, amateur GrFi


Innate Abilities, Weirdness & Mutations

You are surrounded by a moderate repulsion field. (EV +3)
Your demonic aura sometimes causes spilled blood to erupt in flames.


Message History

Casting: Olgreb's Toxic Radiance (extremely dangerous; 32% risk of failure)
Confirm with . or Enter, or press ? or * to list all spells.
You can't see any susceptible monsters within range! (Use Z to cast anyway.)
Casting: Olgreb's Toxic Radiance (extremely dangerous; 32% risk of failure)
Confirm with . or Enter, or press ? or * to list all spells.
The spell is extremely dangerous to cast (32% risk of failure)!
Continue anyway?
You miscast Olgreb's Toxic Radiance.
You are very lightly contaminated with residual magic.
You feel incredibly sick!
You are poisoned.
You feel sick.
You take 19 damage, and have 16/35 hp.
MASSIVE DAMAGE!!
You now have 4/8 mp.
You feel sick. Something misses you.
You take 2 damage, and have 14/35 hp.
You feel sick.
You take 1 damage, and have 13/35 hp.
It was a potion of berserk rage.
A red film seems to cover your vision as you go berserk!
You feel yourself moving faster!
You feel mighty!
You feel sick. Something hits you. Something shocks you.
* * * LOW HITPOINT WARNING * * *
You now have 11/52 hp.
You are too berserk!
Unknown command.
You can't wield that with a shield.
h - a +0 short sword (weapon)
You feel a strong urge to attack something.
You feel sick.
You take 1 damage, and have 10/52 hp.
You barely miss something. Something barely misses you.
You closely miss something.
You feel sick.
You take 1 damage, and have 9/52 hp.
You barely miss something.
You feel sick. You block something's attack.
You take 1 damage, and have 8/52 hp.
You hit something.
You feel sick.
You are no longer poisoned.
Something hits you.
* * * LOW HITPOINT WARNING * * *
Something shocks you.
You die...

#.. .# #### ... ..#####...
#.# #.# .........# #.# #.#
.........#.#.# #.#
.........#.#.## #.#
....(.>..#....# #.#
..Y...Y..###..#### #.#
#.##...{@..# #.#
#.##.#####.####.#######
#.#.(.................#
#####.#(.#####.#####.####.#
#.....#. # .........###
##Y#####..# ###.........#
#.........# #########.#
#....####.# #.# #....# #.#


There were no monsters in sight!

Vanquished Creatures
  2 orc wizards (D:3)
  2 adders (D:2)
  2 dart slugs (D:1)
  6 orcs (D:3)
  9 endoplasms
  A giant cockroach (D:1)
  4 goblins
  2 hobgoblins
  2 jackals (D:1)
  A quokka (D:2)
  7 ball pythons
  7 bats
  4 frilled lizards
  3 kobolds
  9 rats
61 creatures vanquished.

Vanquished Creatures (others)
  6 plants (D:3)
6 creatures vanquished.

Grand Total: 67 creatures vanquished

Notes
Turn   | Place    | Note
-------+----------+-------------------------------------------
     0 | D:1      | jasper the Demonspawn Venom Mage began the quest for the
                  | Orb.
     0 | D:1      | Reached XP level 1. HP: 13/13 MP: 3/3
   256 | D:1      | Found a faded altar of an unknown god.
   517 | D:1      | Gained mutation: You are surrounded by a mild repulsion
                  | field. (EV +2) [demonic ancestry]
   517 | D:1      | Reached XP level 2. HP: 19/19 MP: 1/5
   568 | D:1      | Reached skill level 1 in Shields
  1038 | D:1      | Gained mutation: Your demonic aura sometimes causes spilled
                  | blood to erupt in flames. [demonic ancestry]
  1038 | D:1      | Reached XP level 3. HP: 23/24 MP: 0/6
  2900 | D:2      | Gained mutation: You are surrounded by a moderate repulsion
                  | field. (EV +3) [demonic ancestry]
  2900 | D:2      | Reached XP level 4. HP: 24/30 MP: 4/7
  2905 | D:2      | Learned a level 4 spell: Olgreb's Toxic Radiance
  2908 | D:2      | Learned a level 2 spell: Passwall
  3211 | D:3      | Reached skill level 4 in Poison Magic
  3412 | D:3      | Noticed bande's ghost (amateur GrFi)
  3525 | D:3      | Found a transporter.
  3526 | D:3      | Found a transporter.
  3882 | D:3      | Reached XP level 5. HP: 35/35 MP: 8/8
  3963 | D:3      | Found a blossoming altar of Fedhas.
  4334 | D:4      | Noticed a sky beast
  4633 | D:4      | Slain by a sky beast

Illustrated notes

Levels and vault maps discovered:
D:1:      lightli_arrival_statue_moat, layout_loops_cross,
          basic_ecumenical_altar, minmay_tall_x
D:2:      layout_loops_corners
D:3:      layout_loops_ring, lemuel_round_altar, gammafunk_ghost_gnarly_gnolls
D:4:      layout_basic, kennysheep_mini_moat,
          nicolae_wu_jian_immortal_techniques, gup_ossuary_entry_pyramid,
          minivault_11, minmay_mini_ossuary

Skill      XL: |  1  2  3  4 |
---------------+-------------+-----
Shields        | 2 3 |  3.1
Poison Magic   | 4 |  4.3
Dodging        | |  1.7
Stealth        | |  1.7
Spellcasting   | |  2.0
Transmutations | |  0.8

Action                   |  1- 3 |  4- 6 || total
-------------------------+-------+-------++-------
Melee: Short sword       |     8 |     4 ||    12
 Fire: Hand crossbow     |     9 |    26 ||    35
Throw: Stone             |     1 |       ||     1
 Cast: Sting             |    74 |     6 ||    80
       Olgreb's Toxic Ra |       |     1 ||     1
  Use: Scroll            |     2 |     2 ||     4
       Potion            |       |     1 ||     1
Armor: Robe              |     4 |     1 ||     5
Dodge: Dodged            |    22 |     8 ||    30
Block: Buckler           |     3 |     2 ||     5

Table legend: (Time is in decaauts)
 A = Elapsed time spent in this place.
 B = Non-inter-level travel time spent in this place.
 C = Inter-level travel time spent in this place.
 D = Time resting spent in this place.
 E = Time spent auto-exploring this place.
 F = Levels seen in this place.
 G = Mean time per level.
                   A        B        C        D        E       F      G
               +--------+--------+--------+--------+--------+-----+--------+
         Total |   4654 |   4398 |    256 |   1378 |   2475 |   4 | 1163.5 |
       Dungeon |   4654 |   4398 |    256 |   1378 |   2475 |   4 | 1163.5 |
               +--------+--------+--------+--------+--------+-----+--------+

Top non-repeatable levels by time:
     D:1: 1660 daAuts
     D:3: 1554 daAuts
     D:2: 1314 daAuts
     D:4: 125 daAuts
